 Dungeon Crawl Stone Soup version 0.31-a0-175-g9f7f995f2b (webtiles) character file.

Game seed: 3421190397361198482

805 avis the Magician (level 7, -2/32 HPs)
             Began as a Felid Summoner on June 15, 2023.
             Was an Initiate of Gozag.
             Killed by divine providence
             ... invoked by an orc priest
              (7 damage)
             ... on level 6 of the Dungeon on June 17, 2023.
             The game lasted 01:01:40 (8605 turns).

avis the Magician (Felid Summoner)                  Turns: 8605, Time: 01:01:40

Health: -2/32      AC:  2    Str:  4    XL:     7   Next: 60%
Magic:  7/17       EV: 20    Int: 19    God:    Gozag
Gold:   255        SH:  0    Dex: 16    Spells: 7/19 levels left
                                        Lives:  0   Deaths: 2

rFire   . . .        (weapon unavailable)
rCold   . . .        (shield unavailable)
rNeg    + . .        (body armour unavailable)
rPois   +            (helmet unavailable)
rElec   .            (cloak unavailable)
rCorr   .            (gloves unavailable)
SInv    +            (boots unavailable)
Will    +....        (no amulet)
Stlth   ++           l - ring of positive energy
HPRegen 0.25/turn    f - ring of poison resistance
MPRegen 0.15/turn

%: no passive effects
@: quick
A: very small, claws 1, fangs 3, see invisible, speed 1, shaggy fur 2, stealthy
paws, no weapons or thrown items, no armour, multi-lived
a: Renounce Religion, Potion Petition, Call Merchant, Bribe Branch


You were on level 6 of the Dungeon.
You worshipped Gozag.
Gozag was aware of your devotion.
You visited 2 branches of the dungeon, and saw 8 of its levels.

You collected 581 gold pieces.
You spent 179 gold pieces at shops.
You paid 147 gold pieces to Gozag.

Inventory:

Jewellery
 f - a ring of poison resistance (right paw)
 l - a ring of positive energy (left paw)
 p - a ring of positive energy
Wands
 n - a wand of paralysis (10)
Scrolls
 b - a scroll of silence
 i - a scroll of immolation {unknown}
 k - a scroll of teleportation
 m - a scroll of vulnerability {unknown}
Potions
 a - 2 potions of magic
 c - 2 potions of haste
 d - 3 potions of curing
 e - 3 potions of mutation
 g - 2 potions of heal wounds
 h - 2 potions of lignification
 j - a potion of attraction {unknown}
 o - 3 potions of brilliance


   Skills:
 + Level 4.1 Fighting
 + Level 6.2 Dodging
 - Level 2.6 Stealth
 * Level 6.5 Spellcasting
 - Level 5.0 Hexes
 + Level 6.3 Summonings
 * Level 4.0 Air Magic


You had 7 spell levels left.
You knew the following spells:

 Your Spells              Type           Power      Damage    Failure   Level
c - Call Imp              Summ           60%        N/A       1%          2
d - Call Canine Familiar  Summ           30%        N/A       2%          3
g - Summon Guardian Gole  Hex/Summ       27%        N/A       3%          3
l - Summon Lightning Spi  Summ/Air       26%        N/A       12%         4

Your spell library contained the following spells:

 Spells                   Type           Power      Damage    Failure   Level
 Slow                     Hex            100%       N/A       1%          1
 Summon Small Mammal      Summ           100%       N/A       1%          1
 Confusing Touch          Hex            25%        N/A       4%          3
 Inner Flame              Hex/Fire       15%        N/A       12%         3
 Vhi's Electric Charge    Tloc/Air       26%        N/A       14%         3
 Vampiric Draining        Necr           6%         2d6       32%         3
 Flame Wave               Conj/Fire      6%         2d5       71%         4
 Sticky Flame             Conj/Fire      6%         2d3       71%         4
 Arcjolt                  Conj/Air       6%         1d16      77%         5
 Plasma Beam              Fire/Air       6%         2x1d17    100%        6


Dungeon Overview and Level Annotations

Branches:
Dungeon (7/15)             Temple (1/1) D:6

Altars:
Ashenzari
Cheibriados
Dithmenos
Elyvilon
Fedhas
Gozag
Hepliaklqana
Kikubaaqudgha
Makhleb
Nemelex Xobeh
Okawaru
Qazlal
Ru
Sif Muna
Trog
Uskayaw
Vehumet
Wu Jian
Xom
Yredelemnul
Zin
The Shining One

Shops:
D:4 *

Annotations:
D:2 Can't reach some places.
D:6 Zin scrolls


Innate Abilities, Weirdness & Mutations

You have sharp claws.
You have razor-sharp teeth.
You have supernaturally acute eyesight. (SInv)
You cover ground quickly. (Speed+)
You are covered in thick fur. (AC +2)
Your paws help you pounce on unaware monsters.
You are incapable of wielding weapons or throwing items.
You cannot wear armour.
You gain extra lives every three experience levels.


Message History

The orc priest hits your guardian golem but does no damage.
The orc wizard closely misses your cerulean imp.
The orc wizard hits your guardian golem but does no damage.
Your hound bites the orc wizard.
What are your orders? t - Meow!
Orders for allies: a - Attack new target. p - Attack previous target. r - Retreat! s - Stop attacking. g - Guard the area. f - Follow me.
Anything else - Cancel.
Gang up on whom?
Press: ? - help, Dir - move target, f/p - orc wizard
Aim: an orc wizard, wielding a +0 dagger and wearing a +0 robe (almost dead, slightly transparent, not watching you, ally target) Attack!
The orc wizard is invisible, and some of your allies can't see it.
The orc priest calls down the wrath of Beogh upon you.
Beogh smites you!
Ouch! That really hurt!
* * * LOW HITPOINT WARNING * * *
Your hound misses the orc wizard.
The orc wizard hits your hound with a +0 dagger.
What are your orders? t - Meow!
Orders for allies: a - Attack new target. p - Attack previous target. r - Retreat! s - Stop attacking. g - Guard the area. f - Follow me.
Anything else - Cancel.
Gang up on whom?
Press: ? - help, Dir - move target, f - orc priest, p - orc wizard
Aim: an orc priest, wielding a +0 dagger and wearing a +0 leather armour (lightly wounded) Attack!
Your hound bites the orc priest but does no damage.
Your cerulean imp hits the orc priest but does no damage.
The orc wizard gestures at you while chanting.
The puff of flame hits your lightning spire.
Your lightning spire completely resists.
The orc priest invokes the aid of Beogh against you.
Beogh smites you!
You die...
Your body crumbles into a pile of gold.

.####....##..########## #....##.#
....#....###......)...###....##.#
.##.#....# ####.......#......##.#
.#..#....# #.......#......##.#
....#....# #.......#).........
.#..#.#### #.......#..........
<#..#.# #.......#.........#
.#..#.# #......ho.........#
......# #.@..9.5o.........#
####### #.....8.o....######
######.......# ## #....##># .#
#.#.###5# .# #.#.# #.# .#
#.#.###.# .# #####
######.#..5..## .# ##8>8#
#.............#


You could see an orc priest (ally target), 2 orc wizards, a friendly guardian
golem (summoned), a friendly lightning spire (summoned, sheltered), a friendly
hound (summoned, sheltered) and a friendly cerulean imp (summoned, sheltered).

Vanquished Creatures
  A ball python (D:1)
  2 bats (D:3)
  A giant cockroach (D:3)
  2 goblins (D:2)
  A hobgoblin (D:3)
  A frilled lizard (D:2)
  A kobold (D:3)
9 creatures vanquished.

Vanquished Creatures (collateral kills)
  An acid dragon (D:6)
  An ice beast (D:5)
  An ogre (D:5)
  A phantom (D:4)
  A scorpion (D:5)
  2 howler monkeys
  3 jellies
  A hound (D:5)
  2 orc priests
  2 iguanas
  A sleepcap (D:5)
  2 orc wizards (D:6)
  9 adders
  A shadow imp (D:5)
  A white imp (D:5)
  A worm (D:3)
  A dart slug (D:3)
  15 orcs
  3 bats
  6 endoplasms
  5 giant cockroaches
  6 hobgoblins
  6 quokkas
  A ball python (D:2)
  3 frilled lizards
  5 goblins
  12 kobolds
  5 rats
98 creatures vanquished.

Vanquished Creatures (others)
  A boulder beetle (D:6)
  A vampire (D:5)
  An ice beast (D:6)
  A black bear (D:5)
  An ogre (D:4)
  A scorpion (D:4)
  A hound (D:6)
  A jelly (D:6)
  A sleepcap (D:6)
  An iguana (D:5)
10 creatures vanquished.

Grand Total: 117 creatures vanquished

Notes
Turn   | Place    | Note
-------+----------+-------------------------------------------
     0 | D:1      | avis the Felid Summoner began the quest for the Orb.
     0 | D:1      | Reached XP level 1. HP: 7/7 MP: 4/4
   376 | D:1      | Reached XP level 2. HP: 11/11 MP: 3/6
   941 | D:1      | Learned a level 2 spell: Call Imp
  1443 | D:2      | Reached XP level 3. HP: 14/14 MP: 4/8
  2050 | D:2      | Upgraded the game from 0.31-a0-174-g85c54bcb58 to
                  | 0.31-a0-175-g9f7f995f2b
  2054 | D:2      | Learned a level 3 spell: Call Canine Familiar
  2740 | D:3      | Reached XP level 4. HP: 18/18 MP: 5/10
  2783 | D:3      | Learned a level 3 spell: Summon Guardian Golem
  2847 | D:3      | Reached skill level 1 in Hexes
  3261 | D:3      | Reached XP level 5. HP: 21/21 MP: 11/11
  3606 | D:4      | Found Ykhoesesk's Assorted Antiques.
  3619 | D:4      | Reached skill level 1 in Fighting
  4123 | D:4      | Gained mutation: You are covered in thick fur. (AC +2)
                  | [Felid growth]
  4123 | D:4      | Reached XP level 6. HP: 25/25 MP: 8/13
  4137 | D:4      | Reached skill level 5 in Summonings
  4688 | D:5      | Entered Level 5 of the Dungeon
  4750 | D:4      | Reached XP level 7. HP: 26/30 MP: 7/15
  5030 | D:5      | Identified the +1 hand axe "Teulurr" {freeze, rElec rN+}
  5061 | D:5      | Reached skill level 5 in Hexes
  5066 | D:5      | Learned a level 4 spell: Summon Lightning Spire
  5265 | D:5      | Reached skill level 5 in Spellcasting
  5548 | D:5      | Reached skill level 1 in Air Magic
  6244 | D:6      | Reached XP level 8. HP: 34/34 MP: 5/17
  6390 | D:5      | Reached skill level 5 in Dodging
  6712 | D:6      | Killed from afar by an orc wizard
  6713 | D:6      | Reached XP level 7. HP: -13/31 MP: 8/16
  6784 | D:6      | Found a staircase to the Ecumenical Temple.
  6791 | Temple   | Entered the Ecumenical Temple
  6997 | Temple   | Became a worshipper of Gozag Ym Sagoz the Greedy
  7195 | D:4      | Bought a coppery potion for 23 gold pieces
  7195 | D:4      | Bought a scratched sapphire ring for 130 gold pieces
  7195 | D:4      | Bought a scroll labelled JYEPPAUZXO for 26 gold pieces
  7731 | D:6      | Found a glowing silver altar of Zin.
  7869 | D:6      | Noticed a boulder beetle
  7894 | D:6      | Killed a boulder beetle
  7895 | D:6      | Reached XP level 8. HP: 36/36 MP: 9/18
  8438 | D:6      | Slain by a water moccasin
  8439 | D:6      | Reached XP level 7. HP: -2/32 MP: 12/17
  8605 | D:6      | Killed from afar by an orc priest

Illustrated notes

Levels and vault maps discovered:
D:1:      psy_arrival_dodecagon, layout_basic
D:2:      layout_loops_cross, minmay_splitting_lines,
          chequers_serial_rivers_large_a, chequers_serial_rivers_room_b,
          nicolae_hexahallways
D:3:      layout_basic, grunt_ministairs_10, minmay_three_crescents
D:4:      layout_basic, grunt_ministairs_9, nicolae_stop_n_shop_2
D:5:      layout_basic, serial_demonic, serial_demonic_c, serial_demonic_b,
          serial_demonic_g, serial_demonic_c, hangedman_abyss_or_decor_passed
D:6:      minmay_cornered_nines, layout_basic, zin_scriptorium, temple_statues
D:7:      layout_rooms, kennysheep_boxes
Temple:   nicolae_temple_bog_church

Skill      XL: |  1  2  3  4  5  6  7  8 |
---------------+-------------------------+-----
Spellcasting   | 3 4 6 |  6.5
Hexes          | 2 3 4 5 |  5.0
Dodging        | 3 4 6 5 |  6.2
Fighting       | 1 2 4 |  4.1
Summonings     | 5 6 |  6.3
Air Magic      | 3 4 |  4.0
Stealth        | |  2.6

Action                     |  1- 3 |  4- 6 |  7- 9 || total
---------------------------+-------+-------+-------++-------
  Melee: Unarmed           |    20 |     3 |       ||    23
         Bite              |     1 |       |       ||     1
   Cast: Summon Small Mamm |    32 |     2 |     1 ||    35
         Call Imp          |    16 |    16 |    23 ||    55
         Call Canine Famil |     1 |    19 |    27 ||    47
         Summon Guardian G |       |     8 |    28 ||    36
         Summon Lightning  |       |       |     1 ||     1
  Evoke: Wand              |       |       |     1 ||     1
    Use: Scroll            |       |     5 |     6 ||    11
         Potion            |       |       |     1 ||     1
   Stab: Sleeping          |     6 |     3 |       ||     9
 Armour: Skin              |     8 |     1 |     2 ||    11
  Dodge: Dodged            |    39 |    16 |    12 ||    67

Table legend: (Time is in decaauts)
 A = Elapsed time spent in this place.
 B = Non-inter-level travel time spent in this place.
 C = Inter-level travel time spent in this place.
 D = Time resting spent in this place.
 E = Time spent auto-exploring this place.
 F = Levels seen in this place.
 G = Mean time per level.
                   A        B        C        D        E       F      G
               +--------+--------+--------+--------+--------+-----+--------+
         Total |   7682 |   7098 |    584 |   2074 |   3173 |   8 |  960.2 |
       Dungeon |   7345 |   6798 |    547 |   1944 |   3032 |   7 | 1049.3 |
        Temple |    336 |    300 |     36 |    130 |    141 |   1 |  336.0 |
               +--------+--------+--------+--------+--------+-----+--------+

Top non-repeatable levels by time:
     D:5: 1551 daAuts
     D:2: 1505 daAuts
     D:6: 1473 daAuts
     D:4: 986 daAuts
     D:3: 905 daAuts
     D:1: 867 daAuts
  Temple: 336 daAuts
     D:7: 54 daAuts
